 Dungeon Crawl Stone Soup version 0.30-a0-802-gb92711bcdf (webtiles) character file.

Game seed: 17247472338821430691

32968 jasper the Carver (level 13, -4/106 HPs)
             Began as a Demonspawn Cinder Acolyte on Feb 24, 2023.
             Was a Follower of Kikubaaqudgha.
             Slain by a black mamba (9 damage)
             ... on level 4 of the Lair of Beasts.
             The game lasted 01:15:14 (18207 turns).

jasper the Carver (Demonspawn Cinder Acolyte)      Turns: 18207, Time: 01:15:15

Health: -4/106     AC: 22    Str: 15    XL:     13   Next: 34%
Magic:  6/14       EV: 16    Int: 22    God:    Kikubaaqudgha [*.....]
Gold:   828        SH:  0    Dex:  9    Spells: 4/14 levels left

rFire   . . .      SeeInvis .    M - +4 great sword (protect)
rCold   . . .      Faith    .    (shield currently unavailable)
rNeg    . . .      Spirit   .    w - +6 chain mail of Supple Strength {Int+6 Dex-4}
rPois   .          Reflect  .    (helmet restricted)
rElec   .          Harm     .    B - +0 cloak
rCorr   .          Rampage  .    z - +2 pair of gloves {infuse}
Will    +....                    (no boots)
Stlth   +                        (no amulet)
HPRegen 0.37/turn                f - +5 ring of evasion
MPRegen 0.14/turn                N - ring of willpower

@: slowed, very slow
A: antennae 1, powered by death 3, spiny 1, sturdy frame 3
a: Renounce Religion, Unearth Wretches


You were on level 4 of the Lair of Beasts.
You worshipped Kikubaaqudgha.
Kikubaaqudgha was aware of your devotion.
You visited 3 branches of the dungeon, and saw 17 of its levels.
You also visited: Bailey.

You collected 1114 gold pieces.
You spent 286 gold pieces at shops.

Inventory:

Hand Weapons
 a - a +0 falchion of flaming
 M - a +4 great sword of protection (weapon)
Missiles
 j - 6 stones (quivered)
 o - 6 javelins
 v - 12 poisoned darts
Armour
 w - the +6 chain mail of Supple Strength (worn) {Int+6 Dex-4}
   (You took it off a wight on level 7 of the Dungeon)

   Int:       It affects your intelligence (+6).
   Dex:       It affects your dexterity (-4).
 y - a +2 helmet
 z - a +2 pair of gloves of infusion (worn)
 B - a +0 cloak (worn)
 G - +0 fire dragon scales
 S - +0 acid dragon scales
Jewellery
 b - a ring of positive energy
 f - a +5 ring of evasion (left hand)
 m - a ring of resist corrosion
 C - a ring of ice
 J - a ring of protection from fire
 N - a ring of willpower (right hand)
Wands
 H - a wand of flame (13)
 I - a wand of mindburst (4)
 L - a wand of digging (8)
 P - a wand of polymorph (11)
 Q - a wand of quicksilver (12)
Scrolls
 d - a scroll of identify
 e - 4 scrolls of enchant weapon
 l - 4 scrolls of immolation
 n - 3 scrolls of butterflies
 u - 5 scrolls of fog
 x - 9 scrolls of teleportation
 D - 2 scrolls of enchant armour
 E - a scroll of amnesia
 O - 2 scrolls of poison
Potions
 c - 4 potions of flight
 g - 5 potions of might
 h - 6 potions of curing
 i - 6 potions of lignification
 k - 2 potions of brilliance
 q - 3 potions of cancellation
 r - a potion of invisibility
 s - 4 potions of haste
 t - a potion of mutation
 A - 2 potions of berserk rage
 F - 3 potions of ambrosia
 K - 3 potions of resistance
 U - a potion of attraction


   Skills:
 + Level 11.1 Fighting
 * Level 14.0 Long Blades
 + Level 9.0 Armour
 - Level 4.5 Dodging
 - Level 4.9 Stealth
 - Level 1.0 Spellcasting
 + Level 4.5 Necromancy
 - Level 2.6 Fire Magic
 - Level 6.0 Evocations


You had 4 spell levels left.
You knew the following spells:

 Your Spells              Type           Power      Damage    Failure   Level
a - Scorch                Fire           24%        2d6       19%         2
b - Vampiric Draining     Necr           21%        2d7       19%         3
c - Apportation           Tloc           2%         N/A       36%         1
d - Animate Dead          Necr           21%        N/A       52%         4

Your spell library contained the following spells:

 Spells                   Type           Power      Damage    Failure   Level
 Necrotise                Necr           84%        1d8       6%          1
 Kiss of Death            Conj/Necr      44%        2d8       16%         1
 Freeze                   Ice            4%         1d3       36%         1
 Summon Small Mammal      Summ           4%         N/A       36%         1
 Static Discharge         Conj/Air       2%         2-3/arc   50%         2
 Inner Flame              Hex/Fire       7%         N/A       54%         3
 Dazzling Flash           Conj/Hex       2%         N/A       75%         3
 Frozen Ramparts          Ice            2%         1d1       75%         3
 Hailstorm                Conj/Ice       1%         3d3       75%         3
 Portal Projectile        Hex/Tloc       2%         N/A       75%         3
 Stone Arrow              Conj/Erth      2%         3d7       75%         3
 Tukima's Dance           Hex            1%         N/A       75%         3
 Vhi's Electric Charge    Tloc/Air       2%         N/A       75%         3
 Flame Wave               Conj/Fire      7%         2d5       91%         4
 Sticky Flame             Conj/Fire      7%         2d3       91%         4
 Animate Armour           Summ/Erth      2%         N/A       98%         4
 Agony                    Necr           21%        N/A       86%         5
 Arcjolt                  Conj/Air       0%         1d10      100%        5
 Blade Hands              Tmut           0%         N/A       100%        5
 Lightning Bolt           Conj/Air       0%         1d11      100%        5
 Silence                  Hex/Air        0%         N/A       100%        5
 Lehudib's Crystal Spear  Conj/Erth      0%         10d2      100%        8


Dungeon Overview and Level Annotations

Branches:
Dungeon (11/15)            Temple (1/1) D:4            Lair (5/5) D:10
  Swamp (0/4) Lair:3        Snake (0/4) Lair:3        Slime (0/5) Lair:4
    Orc (0/2) D:9          Bailey (visited)

Altars:
Ashenzari
Cheibriados
Dithmenos
Fedhas
Gozag
Hepliaklqana
Kikubaaqudgha
Makhleb
Nemelex Xobeh
Okawaru
Qazlal
Ru
Sif Muna
Trog
Uskayaw
Vehumet
Wu Jian
Xom
Yredelemnul
Jiyva

Shops:
D:3 !   D:7 !

Annotations:
Lair:4 1 runed translucent door


Innate Abilities, Weirdness & Mutations

You have a pair of small antennae on your head.
You regenerate a lot of health from kills.
You are partially covered in sharp spines.
Your movements are significantly less encumbered by armour. (ER -6)


Message History

The black mamba is engulfed in blazing flames.
The black mamba barely misses you.
The fire elemental is struck by your spines.
The fire elemental barely misses you.
The black mamba is engulfed in blazing flames.
The black mamba is struck by your spines.
The black mamba closely misses you.
You take 1 damage, and have 7/106 hp.
You feel much better.
You feel sick.
The black mamba is engulfed in blazing flames.
The black mamba bites you but does no damage.
The fire elemental is struck by your spines.
The fire elemental hits you. The fire elemental burns you!
* * * LOW HITPOINT WARNING * * *
The black mamba is engulfed in blazing flames.
The black mamba bites you.
* * * LOW HITPOINT WARNING * * *
The fire elemental barely misses you.
The boulder beetle curls into a ball and begins rolling!
The black mamba is engulfed in blazing flames.
Okay, then.
You feel better.
The black mamba is struck by your spines.
The black mamba barely misses you.
The fire elemental completely misses you.
The black mamba closely misses you.
The boulder beetle stops rolling and uncurls.
The fire elemental hits you. The fire elemental burns you!
* * * LOW HITPOINT WARNING * * *
The black mamba bites you.
* * * LOW HITPOINT WARNING * * *
You are lethally poisoned!
The black mamba poisons you!
You take 3 damage, and have 5/106 hp.
You feel better. The black mamba bites you!
* * * LOW HITPOINT WARNING * * *
The fire elemental is struck by your spines.
The fire elemental closely misses you. The black mamba bites you!
You die...
Kikubaaqudgha rasps: "You have failed me!
Welcome... death!"

...#♣♣...........♣♣##.>.##♣♣♣♣♣♣.
...#######♣.♣##### ##### #♣
........# ♣.♣ ..♣ ♣♣ #.......#
... ♣♣♣♣..♣ #♣. #.......#.♣≈.♣
♣♣..♣♣..♣ #.♣ #.......#..~.♣
♣♣wB°.♣♣..♣ #.♣ #.......# .≈.♣
♣♣wS♣♣♣.♣♣..♣♣#.. ...#....# ♣..♣
♣♣SE♣♣ .♣♣..♣#.. ..##....#
♣♣.♣#♣@E♣♣ { .♣♣..#.♣
.#####..#.........♣♣ ♣♣..... ##
##.##♣.♣♣♣#♣♣..♣♣ #♣..♣#.♣ #
#.### ♣♣..♣♣ #♣..♣♣#.♣ #...#
♣♣..♣♣♣♣..♣♣ #.♣ ##...#
♣♣..♣♣..♣♣ #.♣ #....# ♣♣....♣♣
#.. #P...# ♣♣..♣♣ #.. #....# ♣.♣♣
#.♣


You could see a boulder beetle, 2 torpor snails, 2 black mambas and 2 fire
elementals.

Vanquished Creatures
  2 death yaks (Lair:4)
  4 two-headed ogres
  A skyshark (Lair:3)
  An orc knight (Bailey)
  A cyclops (D:11)
  5 manticores
  An ugly thing (D:7)
  14 elephants (Lair:3)
  2 black mambas (Lair:4)
  The ghost of GiantSquids the Chopper, a novice MiBe of Trog (D:5)
  A torpor snail (Lair:1)
  3 cane toads
  4 rime drakes
  A freezing wraith (D:11)
  4 komodo dragons
  4 trolls
  5 hornets
  3 polar bears
  5 blink frogs
  3 slime creatures (D:10)
  A wraith (D:7)
  32 yaks
  5 fire elementals
  2 wyverns
  The ghost of librariansheart the Poker, an amateur GnRe (D:3)
  2 steam dragons
  3 basilisks
  Grum (Lair:1)
  A vampire mosquito (D:7)
  2 nagas (Lair:3)
  2 acid dragons
  7 orc warriors
  10 water moccasins
  2 ice beasts
  A sky beast (D:7)
  An ogre (D:10)
  2 black bears
  3 centaurs
  11 wolves
  A phantom (D:6)
  2 kobold brigands
  8 bullfrogs
  2 gnoll sergeants
  3 scorpions
  A necrophage (D:6)
  4 wights (D:7)
  9 killer bees
  A howler monkey (D:7)
  2 hounds
  4 orc priests
  2 jellies
  Natasha (thrice) (D:4)
  7 iguanas
  5 orc wizards
  4 hell rats (Lair:2)
  8 gnolls
  8 adders
  A shadow imp (D:7)
  3 white imps
  An ufetubus (D:6)
  3 worms
  A dart slug (D:5)
  45 orcs
  8 endoplasms
  3 giant cockroaches
  5 hobgoblins
  7 jackals
  15 kobolds
  A quokka (D:1)
  10 ball pythons
  6 bats
  13 goblins
  2 rats
352 creatures vanquished.

Vanquished Creatures (others)
  100 foxfires
  17 fungi
  36 plants
153 creatures vanquished.

Grand Total: 505 creatures vanquished

Notes
Turn   | Place    | Note
-------+----------+-------------------------------------------
     0 | D:1      | jasper the Demonspawn Cinder Acolyte began the quest for
                  | the Orb.
     0 | D:1      | Reached XP level 1. HP: 18/18 MP: 2/2
   457 | D:1      | Reached skill level 3 in Long Blades
   669 | D:1      | Gained mutation: You regenerate a little health from kills.
                  | [demonic ancestry]
   669 | D:1      | Reached XP level 2. HP: 22/24 MP: 3/3
  1312 | D:2      | Learned a level 2 spell: Scorch
  1465 | D:2      | Gained mutation: Your movements are slightly less
                  | encumbered by armour. (ER -2) [demonic ancestry]
  1465 | D:2      | Reached XP level 3. HP: 29/29 MP: 4/4
  2190 | D:3      | Reached skill level 4 in Long Blades
  2207 | D:3      | Reached XP level 4. HP: 36/37 MP: 5/5
  2446 | D:3      | Found Wener's Distillery.
  2457 | D:3      | Gained mutation: You are partially covered in sharp spines.
                  | [demonic ancestry]
  2457 | D:3      | Reached XP level 5. HP: 42/42 MP: 6/6
  2463 | D:3      | Bought a potion of curing for 39 gold pieces
  2463 | D:3      | Bought a potion of curing for 39 gold pieces
  2563 | D:3      | Noticed a black bear
  2731 | D:4      | Reached skill level 5 in Long Blades
  3074 | D:4      | Gained mutation: You regenerate health from kills. [demonic
                  | ancestry]
  3074 | D:4      | Reached XP level 6. HP: 32/49 MP: 7/7
  3227 | D:4      | Noticed Natasha
  3232 | D:4      | Killed Natasha
  3392 | D:4      | Noticed Natasha
  3403 | D:4      | Killed Natasha
  3497 | D:4      | Found a staircase to the Ecumenical Temple.
  3729 | D:4      | Noticed Natasha
  3744 | D:4      | Killed Natasha
  3938 | D:5      | Entered Level 5 of the Dungeon
  3965 | D:5      | Reached skill level 5 in Fighting
  4045 | D:5      | Noticed an ice beast
  4097 | D:5      | Reached skill level 6 in Long Blades
  4097 | D:5      | Reached XP level 7. HP: 39/56 MP: 8/8
  4192 | D:3      | Found a runed translucent door.
  4192 | D:3      | Noticed librariansheart's ghost (amateur GnRe)
  4226 | D:3      | Found a faded altar of an unknown god.
  4367 | D:3      | Reached skill level 1 in Armour
  4581 | D:5      | Found a runed translucent door.
  4581 | D:5      | Noticed GiantSquids's ghost (novice MiBe)
  5045 | D:5      | Noticed a steam dragon
  5050 | D:5      | Killed a steam dragon
  5051 | D:5      | Reached skill level 7 in Long Blades
  5203 | D:5      | Reached skill level 1 in Evocations
  5409 | D:5      | Reached XP level 8. HP: 64/64 MP: 9/9
  5579 | D:6      | Identified the +1 hand axe "Sellubri" {freeze, Fragile rN++
                  | Int+4}
  6293 | D:7      | Reached skill level 5 in Evocations
  6553 | D:7      | Found Zawusod's Distillery.
  6563 | D:7      | Identified the +6 chain mail of Supple Strength {Int+6
                  | Dex-4}
  6567 | D:7      | Reached XP level 9. HP: 67/69 MP: 10/10
  6639 | D:7      | Bought a potion of curing for 39 gold pieces
  6639 | D:7      | Bought a potion of berserk rage for 65 gold pieces
  6639 | D:7      | Bought a potion of cancellation for 104 gold pieces
  6770 | D:7      | Reached skill level 8 in Long Blades
  6779 | D:7      | Noticed a two-headed ogre
  6780 | D:7      | Noticed a red ugly thing
  6783 | D:7      | Noticed a manticore
  6880 | D:7      | You fall into a shaft and drop 2 floors!
  6951 | D:9      | Noticed a two-headed ogre
  6965 | D:9      | Killed a two-headed ogre
  7155 | D:9      | Reached skill level 9 in Long Blades
  7171 | D:9      | Gained mutation: Your movements are less encumbered by
                  | armour. (ER -4) [demonic ancestry]
  7171 | D:9      | Reached XP level 10. HP: 58/79 MP: 11/11
  7211 | D:9      | Found a staircase to the Orcish Mines.
  7412 | D:9      | Reached skill level 5 in Armour
  7921 | D:7      | Killed a two-headed ogre
  7922 | D:7      | Reached skill level 10 in Long Blades
  7962 | D:7      | Noticed a manticore
  7966 | D:7      | Killed a manticore
  8262 | D:7      | Killed a red ugly thing
  8480 | D:8      | HP: 2/82 [yak (3)]
  8485 | D:7      | Reached skill level 11 in Long Blades
  8489 | D:7      | Gained mutation: Your movements are significantly less
                  | encumbered by armour. (ER -6) [demonic ancestry]
  8489 | D:7      | Reached XP level 11. HP: 27/87 MP: 12/12
  8959 | D:10     | Entered Level 10 of the Dungeon
  9113 | D:10     | Noticed a two-headed ogre
  9115 | D:10     | Killed a two-headed ogre
  9123 | D:10     | Reached skill level 1 in Dodging
  9123 | D:10     | Reached skill level 1 in Stealth
  9342 | D:10     | Found a shimmering blue altar of Sif Muna.
  9344 | D:10     | Found a flagged portal.
  9360 | Bailey   | Entered a bailey
  9481 | Bailey   | Noticed an orc knight
  9490 | Bailey   | Killed an orc knight
  9922 | D:10     | Found a staircase to the Lair.
 10777 | D:11     | Noticed a two-headed ogre
 10795 | D:11     | Killed a two-headed ogre
 10809 | D:11     | Reached skill level 12 in Long Blades
 11097 | D:11     | Found a hazy altar of Hepliaklqana.
 11346 | Lair:1   | Entered Level 1 of the Lair of Beasts
 11409 | Lair:1   | Gained mutation: You have a pair of small antennae on your
                  | head. [demonic ancestry]
 11409 | Lair:1   | Reached XP level 12. HP: 97/97 MP: 10/13
 11423 | Lair:1   | Noticed Grum
 11431 | Lair:1   | Killed Grum
 12787 | Lair:2   | Reached skill level 10 in Fighting
 12863 | Lair:2   | Paralysed by a hornet for 3 turns
 14515 | Temple   | Entered the Ecumenical Temple
 14717 | Temple   | Fell from the grace of Ignis
 14717 | Temple   | Became a worshipper of Kikubaaqudgha
 15010 | Lair:3   | Reached skill level 13 in Long Blades
 15010 | Lair:3   | Reached skill level 1 in Necromancy
 15189 | Lair:3   | Found a staircase to the Snake Pit.
 15842 | Lair:3   | Gained mutation: You regenerate a lot of health from kills.
                  | [demonic ancestry]
 15842 | Lair:3   | Reached XP level 13. HP: 69/104 MP: 6/14
 16160 | Lair:3   | Found a staircase to the Swamp.
 16487 | Lair:4   | Reached * piety under Kikubaaqudgha
 16487 | Lair:4   | Received a gift from Kikubaaqudgha
 16492 | Lair:4   | Learned a level 3 spell: Vampiric Draining
 16494 | Lair:4   | Learned a level 1 spell: Apportation
 16499 | Lair:4   | Learned a level 4 spell: Animate Dead
 16549 | Lair:4   | Found a runed translucent door.
 16551 | Lair:4   | Found a viscous altar of Jiyva.
 16554 | Lair:4   | Found a staircase to the Slime Pits.
 16936 | Lair:1   | You fall into a shaft and drop 1 floor!
 17161 | D:3      | Killed librariansheart's ghost
 17261 | D:5      | Killed GiantSquids's ghost
 17732 | Lair:4   | You fall into a shaft and drop 1 floor!
 17732 | Lair:5   | Entered Level 5 of the Lair of Beasts
 18198 | Lair:4   | Was forgiven by Ignis
 18200 | Lair:4   | Reached skill level 14 in Long Blades
 18206 | Lair:4   | HP: 5/106 [black mamba (3)]
 18207 | Lair:4   | Slain by a black mamba

Illustrated notes

Levels and vault maps discovered:
D:1:      moated_graveyard_arrival, layout_loops_ring, nrook_campfire,
          minivault_27
D:2:      layout_loops_ring
D:3:      layout_rooms, serial_shops, nicolae_shop_behind_doors,
          gammafunk_ghost_grave, shapermc_ecumenical_altar_flowoftime,
          serial_glass, glass_columns_a, glass_columns_b
D:4:      layout_loops_ring, minmay_temple_entry_slanted, lightli_minifort,
          uniq_natasha
D:5:      layout_basic, hellmonk_ghost_happy_afterlife, bh_walls_and_bars
D:6:      layout_basic
D:7:      minmay_the_grid_triangle_9x9_recursive_2
          [minmay_the_grid_triangle_9x9_prize_center,
          minmay_the_grid_triangle_9x9_shrine,
          minmay_the_grid_triangle_9x9_checkered,
          minmay_the_grid_triangle_9x9_odd_lines], layout_cave_pools,
          serial_shops, nicolae_shop_temple_entry_statues_fountains,
          minmay_misc_feat_enclosed
D:8:      layout_gridville
D:9:      layout_loops_cross, orc_0_dummy, serial_park_tiny_pond,
          minmay_parallelograms, kennysheep_generic_room_10
D:10:     layout_basic, amcnicky_altar_gilded, lair_entry_dummy, special_room
          [special_room_orc], enter_bailey_3
D:11:     layout_cave_pools, nicolae_hepliaklqana_hazy_memory
Temple:   mainiacjoe_temple_starburst
Lair:1:   layout_layer_cave, uniq_grum
Lair:2:   layout_regular_city, minivault_19, st_stairs_9, dreamdust_wasp_nest,
          infiniplex_staircase_pool
Lair:3:   layout_cellular_growth, swamp_mist, guppyfry_snake_entry_garden,
          grunt_megastairs_4
Lair:4:   nzn_winding_woodlands_stair_trap [nzn_winding_woodlands_5x15_pool,
          nzn_winding_woodlands_5x15_longhouse,
          nzn_winding_woodlands_5x15_pockets,
          nzn_winding_woodlands_15x15_thick_spiral,
          nzn_winding_woodlands_5x15_pathside_ponds,
          nzn_winding_woodlands_5x15_concentric,
          nzn_winding_woodlands_5x15_split_checker], layout_cave_pods,
          slime_entry_2
Lair:5:   grunt_lair_end_beastmaster, layout_cave_pods,
          chequers_serial_rivers_small_3, serial_bayou_shore_b

Skill      XL: |  1  2  3  4  5  6  7  8  9 10 11 12 13 |
---------------+----------------------------------------+-----
Long Blades    | 3 4 5 6 7 9 11 12 13 14 | 14.0
Fighting       | 4 5 6 7 8 9 10 11 | 11.1
Armour         | 2 4 6 7 8 9 |  9.0
Evocations     | 1 6 |  6.0
Dodging        | 3 4 |  4.5
Stealth        | 3 4 |  4.9
Necromancy     | 3 4 |  4.5
Spellcasting   | |  1.0
Fire Magic     | |  2.6

Action                     |  1- 3 |  4- 6 |  7- 9 | 10-12 | 13-15 || total
---------------------------+-------+-------+-------+-------+-------++-------
  Melee: Falchion          |   168 |    88 |   149 |       |       ||   405
         Punch             |     1 |       |     3 |       |       ||     4
         Great sword       |       |       |    59 |   488 |   149 ||   696
  Throw: Stone             |    18 |     9 |    36 |    62 |     7 ||   132
         Dart              |     2 |    42 |    12 |    46 |       ||   102
         Boomerang         |       |    15 |    10 |       |       ||    25
 Invoke: Foxfire Swarm     |       |     3 |     2 |     3 |       ||     8
         Rising Flame      |       |       |     1 |       |       ||     1
  Evoke: Wand              |       |       |     3 |    33 |     2 ||    38
    Use: Scroll            |     9 |     7 |     5 |     8 |     3 ||    32
         Potion            |       |     2 |     2 |     2 |     3 ||     9
   Stab: Distracted        |       |       |       |     2 |       ||     2
 Armour: Ring mail         |    62 |    10 |       |       |       ||    72
         Scale mail        |       |    13 |     3 |       |       ||    16
         Chain mail        |       |       |    30 |   114 |    67 ||   211
         Fire dragon scale |       |       |    47 |   136 |       ||   183
  Dodge: Dodged            |   168 |    52 |   133 |   482 |   106 ||   941

Table legend: (Time is in decaauts)
 A = Elapsed time spent in this place.
 B = Non-inter-level travel time spent in this place.
 C = Inter-level travel time spent in this place.
 D = Time resting spent in this place.
 E = Time spent auto-exploring this place.
 F = Levels seen in this place.
 G = Mean time per level.
                   A        B        C        D        E       F      G
               +--------+--------+--------+--------+--------+-----+--------+
         Total |  18454 |  16659 |   1795 |   2029 |  11266 |  18 | 1025.2 |
       Dungeon |  11935 |  10493 |   1442 |   1491 |   6812 |  11 | 1085.0 |
        Temple |    256 |    202 |     54 |      0 |    169 |   1 |  256.0 |
          Lair |   5881 |   5583 |    298 |    506 |   4160 |   5 | 1176.2 |
        Bailey |    380 |    380 |      0 |     32 |    123 |   1 |  380.0 |
               +--------+--------+--------+--------+--------+-----+--------+

Top non-repeatable levels by time:
  Lair:2: 1629 daAuts
  Lair:1: 1509 daAuts
  Lair:3: 1453 daAuts
     D:4: 1434 daAuts
    D:10: 1384 daAuts
     D:7: 1329 daAuts
     D:5: 1290 daAuts
     D:2: 1246 daAuts
     D:1: 1042 daAuts
     D:9: 1027 daAuts
  Lair:4: 962 daAuts
     D:3: 909 daAuts
     D:6: 891 daAuts
    D:11: 852 daAuts
     D:8: 526 daAuts
